 Dungeon Crawl Stone Soup version 0.24-a0-479-g9a978d2894 (webtiles) character file.

Game seed: 6263274926242598748

160 Gynju the Chopper (level 5, -4/45 HPs)
             Began as a Minotaur Fighter on July 6, 2019.
             Splashed by a jelly's acid (9 damage)
             ... on level 2 of the Dungeon.
             The game lasted 00:02:03 (1154 turns).

Gynju the Chopper (Minotaur Fighter)                Turns: 1154, Time: 00:02:03

Health: -4/45      AC:  1    Str: 21    XL:     5   Next: 17%
Magic:  4/4        EV:  8    Int:  5    God:
Gold:   100        SH:  9    Dex: 10    Spells: 4/4 levels left

rFire    . . .     SeeInvis .   a - +0 war axe
rCold    . . .     Gourm    .   c - +0 shield
rNeg     . . .     Faith    .   m - +0 chain mail
rPois    .         Spirit   .   (helmet restricted)
rElec    .         Reflect  .   k - scarf {repulsion}
rCorr    .         Harm     .   (no gloves)
MR       .....                  (no boots)
Stlth    ..........             (no amulet)
HPRegen  0.15/turn              i - +3 ring of evasion
MPRegen  0.09/turn              (no ring)

@: corroded, repel missiles
A: retaliatory headbutt, horns 2
a: no special abilities


You were on level 2 of the Dungeon.
You were not hungry.

You visited 1 branch of the dungeon, and saw 2 of its levels.

You collected 100 gold pieces.

Inventory:

Hand Weapons
 a - a +0 war axe (weapon)
Missiles
 j - 79 stones (quivered)
Armour
 c - a +0 shield (worn)
 k - a scarf of repulsion (worn)
 m - a +0 chain mail (worn)
Jewellery
 i - a +3 ring of evasion (left hand)
Wands
 n - a wand of random effects (20)
Scrolls
 h - a scroll of blinking {unknown}
 l - a scroll of immolation {unknown}
 o - a scroll of enchant weapon {unknown}
 q - a scroll of remove curse {unknown}
Potions
 b - a potion of flight {unknown}
 d - a potion of might
 e - 4 potions of curing {unknown}
 p - a potion of haste {unknown}
Comestibles
 f - 7 rations


   Skills:
 - Level 3.6 Fighting
 + Level 6.6 Axes
 - Level 3.6 Armour
 - Level 3.6 Shields


You had 4 spell levels left.
You didn't know any spells.
Your spell library was empty.

Dungeon Overview and Level Annotations

Branches:
Dungeon (2/15)

Altars:
Ashenzari
Uskayaw


Innate Abilities, Weirdness & Mutations

You reflexively headbutt those who attack you in melee.
You have a pair of horns on your head.


Message History

Your shield prevents you from hitting the ooze.
Your chain mail prevents you from hitting the ooze.
You slash the ooze! The ooze hits you. The jelly hits you but does no damage.
The ooze barely misses you. You furiously retaliate!
You headbutt the ooze. You block the ooze's attack. The ooze hits you.
* * * LOW HITPOINT WARNING * * *
You hit the jelly but do no damage.
Your hands burn!
* * * LOW HITPOINT WARNING * * *
Your headbutt misses the jelly.
The jelly is severely wounded.
You slash the ooze!
You kill the ooze!
Your shield and chain mail prevent you from hitting the ooze.
You hit the ooze.
You kill the ooze!
The ooze barely misses you. You block the jelly's attack.
The ooze barely misses you. The jelly hits you.
* * * LOW HITPOINT WARNING * * *
You are splashed with acid!
You die...

####..##.................#
#....##################.#
#.#.......... #.#
#.########### #.# #.# #.#
#.# #.# #.# #########.#
#.# ##########.J..÷.##.#
##.####......##'@.÷÷..##.#
....##.......#.#JJ÷...##.#
##..').......#.#.÷.P÷.##.#
#..').......#.#......##.#
##.)......#'#)#.÷..÷.##.#
###.##.....#.#.#÷.....##.#
....###....#.#.#....PP##<#
#####
#######.##.....(##.####.#
### #......#


You could see a jelly and 2 oozes.

Vanquished Creatures
  2 jellies (D:2)
  An adder (D:2)
  5 oozes (D:2)
  A worm (D:2)
  4 dart slugs
  2 giant cockroaches (D:1)
  11 goblins
  5 hobgoblins
  2 jackals (D:1)
  11 kobolds
  A quokka (D:2)
  6 bats
  A frilled lizard (D:1)
  9 rats
61 creatures vanquished.

Vanquished Creatures (others)
  A fungus (D:2)
  9 toadstools (D:2)
10 creatures vanquished.

Grand Total: 71 creatures vanquished

Notes
Turn   | Place    | Note
-------+----------+-------------------------------------------
     0 | D:1      | Gynju the Minotaur Fighter began the quest for the Orb.
     0 | D:1      | Reached XP level 1. HP: 19/19 MP: 0/0
   118 | D:1      | Reached skill level 3 in Axes
   150 | D:1      | Found a shattered altar of Ashenzari.
   218 | D:1      | Reached XP level 2. HP: 25/26 MP: 1/1
   335 | D:1      | Reached skill level 4 in Axes
   597 | D:1      | Reached XP level 3. HP: 29/31 MP: 2/2
   818 | D:2      | Reached skill level 5 in Axes
  1002 | D:2      | Found a hide-covered altar of Uskayaw.
  1006 | D:2      | Reached XP level 4. HP: 39/39 MP: 3/3
  1151 | D:2      | Reached skill level 6 in Axes
  1152 | D:2      | Reached XP level 5. HP: 21/45 MP: 4/4
  1154 | D:2      | Splashed by a jelly's acid

Levels and vault maps discovered:
D:1:      mainiacjoe_arrival_reflecting_pool, layout_basic, minmay_misc_feat_x,
          ashenzari_altar_1
D:2:      cheibrodos_fertilizer, layout_loops_ring,
          eat_drink_and_be_merry_uskayaw, first_ration

Skill      XL: |  1  2  3  4 |
---------------+-------------+-----
Axes           | 3 4 5 6 |  6.6
Fighting       | |  3.6
Armour         | |  3.6
Shields        | |  3.6

Action                   |  1- 3 |  4- 6 || total
-------------------------+-------+-------++-------
Melee: War axe           |    85 |    25 ||   110
       Headbutt          |    12 |     5 ||    17
  Eat: Chunk             |       |     1 ||     1
Armor: Scale mail        |     9 |       ||     9
       Chain mail        |    31 |    18 ||    49
Dodge: Dodged            |    29 |    13 ||    42
Block: Shield            |    36 |    21 ||    57

Table legend:
 A = Non-vault XP
 B = Vault XP
 C = Vault XP percentage of total XP
 D = Non-vault monster count
 E = Vault monster count
 F = Vault count percentage of total count
                 A         B        C        D         E       F
            +---------+---------+-------+---------+---------+-------
      Total |     100 |     129 |  56.3 |      47 |      14 |  23.0
            +---------+---------+-------+---------+---------+-------
        D:1 |      47 |       0 |   0.0 |      29 |       0 |   0.0
        D:2 |      53 |     129 |  70.9 |      18 |      14 |  43.8
            +---------+---------+-------+---------+---------+-------
